 Dungeon Crawl Stone Soup version 0.28-a0-664-gc179e30c89 (webtiles) character file.

Game seed: 2103307368899887988

1106 lawman0 the Digger (level 8, -2/70 HPs)
             Began as a Troll Earth Elementalist on Oct 15, 2021.
             Slain by a sky beast (6 damage)
             ... on level 5 of the Dungeon.
             The game lasted 00:05:40 (3328 turns).

lawman0 the Digger (Troll Earth Elementalist)       Turns: 3328, Time: 00:05:42

Health: -2/70      AC:  4    Str: 23    XL:     8   Next: 11%
Magic:  3/11       EV: 10    Int: 13    God:
Gold:   254        SH:  0    Dex: 10    Spells: 6/12 levels left

rFire   . . .      SeeInvis .     - Unarmed
rCold   . . .      Faith    .   (no shield)
rNeg    . . .      Spirit   .   b - +0 robe
rPois   +          Reflect  .   (helmet restricted)
rElec   .          Harm     .   (no cloak)
rCorr   .          Rampage  .   (gloves unavailable)
Will    .....                   (boots unavailable)
Stlth   +.........              d - amulet of the acrobat
HPRegen 1.21/turn               h - +6 ring of strength
MPRegen 0.12/turn               j - ring of poison resistance

@: no status effects
A: large, unfitting armour, claws 3, regeneration 1, shaggy fur 1, tough skin 1
a: no special abilities


You were on level 5 of the Dungeon.
You visited 1 branch of the dungeon, and saw 5 of its levels.

You collected 254 gold pieces.

Inventory:

Missiles
 c - 80 stones
 n - 14 poisoned darts (quivered)
Armour
 b - a +0 robe (worn)
Jewellery
 d - an amulet of the acrobat (around neck)
 h - a +6 ring of strength (left claw)
 j - a ring of poison resistance (right claw)
 l - a ring of see invisible
Wands
 i - a wand of flame (19)
 k - a wand of iceblast (9)
Scrolls
 a - a scroll of blinking {unknown}
 e - a scroll of fear
 f - a scroll of teleportation {unknown}
 g - a scroll of amnesia
 m - a scroll of magic mapping {unknown}
 o - a scroll of summoning {unknown}


   Skills:
 + Level 1.1 Fighting
 + Level 2.2 Dodging
 + Level 1.2 Stealth
 * Level 3.6 Unarmed Combat
 + Level 2.7 Spellcasting
 * Level 2.6 Transmutations
 * Level 6.1 Earth Magic
 + Level 0.1 Evocations


You had 6 spell levels left.
You knew the following spells:

 Your Spells              Type           Power      Damage    Failure   Level
a - Sandblast             Erth           34%        2d9       1%          1
b - Passwall              Tmut/Erth      10%        N/A       6%          2
c - Stone Arrow           Conj/Erth      18%        3d8       21%         3

Your spell library contained the following spells:

 Spells                   Type           Power      Damage    Failure   Level
 Petrify                  Tmut/Erth      13%        N/A       36%         4
 Malign Gateway           Summ/Tloc      0%         N/A       100%        7
 Summon Horrible Things   Summ           0%         N/A       100%        8


Dungeon Overview and Level Annotations

Branches:
Dungeon (5/15)
 Temple: D:4-7

Altars:


Innate Abilities, Weirdness & Mutations

You are too large for most types of armour.
You have claws for hands.
Your natural rate of healing is unusually fast.
You are covered in fur. (AC +1)
You have tough skin. (AC +1)


Message History

Confirm with . or Enter, or press ? or * to list all spells.
You can't see any susceptible monsters within range! (Use Z to cast anyway.) Sorry, you're not good enough to have a special ability.
Unknown command.
Casting: Sandblast (safe; 1% risk of failure)
Confirm with . or Enter, or press ? or * to list all spells.
You can't see any susceptible monsters within range! (Use Z to cast anyway.) Unknown command.
Casting: Sandblast (safe; 1% risk of failure)
Confirm with . or Enter, or press ? or * to list all spells.
You can't see any susceptible monsters within range! (Use Z to cast anyway.) Unknown command.
Casting: Sandblast (safe; 1% risk of failure)
Confirm with . or Enter, or press ? or * to list all spells.
Aiming: Sandblast (safe; 1% risk of failure)
Press: ? - help, Shift-Dir - straight line
c - 80 stones A sky beast appears from thin air!
Reactivating autopickup.
The sky beast hits you. The sky beast shocks you.
* * * LOW HITPOINT WARNING * * *
Okay, then.
You barely miss the sky beast.
The sky beast flickers out of sight!
Deactivating autopickup; reactivate with Ctrl-A.
Something hits you.
* * * LOW HITPOINT WARNING * * *
Something shocks you.
* * * LOW HITPOINT WARNING * * *
You claw something!
A sky beast appears from thin air!
Reactivating autopickup.
The sky beast hits you.
* * * LOW HITPOINT WARNING * * *
The sky beast shocks you.
* * * LOW HITPOINT WARNING * * *
You miss the sky beast.
The sky beast is moderately wounded.
The sky beast hits you.
* * * LOW HITPOINT WARNING * * *
The sky beast shocks you.
You die...

##### ### #...
... #..# #.#
#..# #.#
#..###
#.#########.##
.....#
#.#....@Y≈.).#
)..#.#
#.#.#######).#
)..#.#####.#.#
...#.........#
........##.###
##.#........#
#........#..#
#.#.........#
#.##.#.##.#.#


You could see a sky beast.

Vanquished Creatures
  A water moccasin (D:5)
  A black bear (D:3)
  A sky beast (D:5)
  3 ogres
  A gnoll sergeant (D:5)
  A bullfrog (D:4)
  A water moccasin zombie (D:5)
  A hound (D:4)
  2 jellies
  A centaur skeleton (D:4)
  2 iguanas (D:4)
  A hound skeleton (D:4)
  7 gnolls
  4 adders
  A shadow imp (D:5)
  2 adder skeletons
  3 dart slugs
  8 orcs
  9 ball pythons
  3 endoplasms
  5 giant cockroaches
  8 goblins
  4 hobgoblins
  3 jackals (D:2)
  6 kobolds
  4 quokkas
  2 bats
  5 frilled lizards
  3 rats
93 creatures vanquished.

Notes
Turn   | Place    | Note
-------+----------+-------------------------------------------
     0 | D:1      | lawman0 the Troll Earth Elementalist began the quest for
                  | the Orb.
     0 | D:1      | Reached XP level 1. HP: 16/16 MP: 1/1
    68 | D:1      | Reached skill level 3 in Earth Magic
    68 | D:1      | Reached XP level 2. HP: 24/24 MP: 0/2
   756 | D:1      | Found a faded altar of an unknown god.
   862 | D:2      | Reached skill level 1 in Transmutations
   865 | D:2      | Reached XP level 3. HP: 30/31 MP: 0/4
   882 | D:2      | Learned a level 2 spell: Passwall
  1459 | D:3      | Reached skill level 1 in Unarmed Combat
  1778 | D:3      | sick
  1785 | D:3      | Reached XP level 4. HP: 37/39 MP: 0/5
  1911 | D:3      | Learned a level 3 spell: Stone Arrow
  2152 | D:4      | Noticed an ogre
  2162 | D:4      | Noticed a black bear
  2166 | D:4      | Noticed an ogre
  2209 | D:3      | Killed an ogre
  2210 | D:3      | Reached skill level 4 in Earth Magic
  2210 | D:3      | Reached XP level 5. HP: 29/45 MP: 2/6
  2231 | D:3      | Killed a black bear
  2232 | D:3      | Reached XP level 6. HP: 34/53 MP: 4/8
  2470 | D:4      | Reached skill level 5 in Earth Magic
  2470 | D:4      | Reached XP level 7. HP: 61/61 MP: 6/9
  2931 | D:5      | Entered Level 5 of the Dungeon
  3265 | D:5      | Reached skill level 6 in Earth Magic
  3265 | D:5      | Reached XP level 8. HP: 46/68 MP: 7/11
  3305 | D:5      | Reached skill level 1 in Fighting
  3328 | D:5      | Slain by a sky beast

Illustrated notes

#.# #.# #.# ##.#
..#############
#.#...........#
#######.#...........####
.......@'.†.......†)†...
#.......#...........####
#....?..#...........#
#.......#...........#
#.......#...........#
#..<....#############
#.......# ......#.#
##### .....


Turn 1778 on D:3: sick

Levels and vault maps discovered:
D:1:      dpeg_arrival_stone_temple_mockup, layout_loops_ring,
          shapermc_ecumenical_altar_mp_vishouse
D:2:      layout_rooms
D:3:      layout_basic
D:4:      layout_cave_pools
D:5:      layout_loops_ring, lemuel_tele_altar, uniq_ijyb

Skill      XL: |  1  2  3  4  5  6  7  8 |
---------------+-------------------------+-----
Earth Magic    | 3 4 5 6 |  6.1
Transmutations | 1 2 |  2.6
Unarmed Combat | 1 2 3 |  3.6
Dodging        | 2 |  2.2
Spellcasting   | 2 |  2.7
Fighting       | 1 |  1.1
Stealth        | |  1.2
Evocations     | |  0.1

Action                   |  1- 3 |  4- 6 |  7- 9 || total
-------------------------+-------+-------+-------++-------
Melee: Unarmed           |    78 |    50 |    45 ||   173
       Punch             |       |     1 |     4 ||     5
Throw: Dart              |       |       |     1 ||     1
 Cast: Sandblast         |    40 |    22 |    56 ||   118
Evoke: Wand              |       |     1 |     2 ||     3
  Use: Scroll            |     1 |     2 |       ||     3
       Potion            |     1 |       |       ||     1
 Stab: Sleeping          |     1 |       |       ||     1
Armor: Robe              |    27 |    18 |    11 ||    56
Dodge: Dodged            |    59 |    35 |    39 ||   133

Table legend: (Time is in decaauts)
 A = Elapsed time spent in this place.
 B = Non-inter-level travel time spent in this place.
 C = Inter-level travel time spent in this place.
 D = Time resting spent in this place.
 E = Time spent auto-exploring this place.
 F = Levels seen in this place.
 G = Mean time per level.
                   A        B        C        D        E       F      G
               +--------+--------+--------+--------+--------+-----+--------+
         Total |   3323 |   3251 |     72 |    203 |   2383 |   5 |  664.6 |
       Dungeon |   3323 |   3251 |     72 |    203 |   2383 |   5 |  664.6 |
               +--------+--------+--------+--------+--------+-----+--------+

Top non-repeatable levels by time:
     D:3: 968 daAuts
     D:1: 808 daAuts
     D:4: 726 daAuts
     D:2: 469 daAuts
     D:5: 350 daAuts
